 Dungeon Crawl Stone Soup version 0.27-a0-54-g64bdb92e38 (webtiles) character file.

Game seed: 15774555439936409954

3122 lunkers the Zephyrmancer (level 9, -2/41 HPs)
             Began as a Spriggan Air Elementalist on Jan 6, 2021.
             Was a Follower of Ashenzari.
             Slain by a wolf (11 damage)
             ... led by Grum
             ... on level 8 of the Dungeon on Jan 7, 2021.
             The game lasted 00:18:05 (12227 turns).

lunkers the Zephyrmancer (SpAE)                    Turns: 12227, Time: 00:18:06

Health: -2/41      AC:  4    Str:  4    XL:     9   Next: 60%
Magic:  12/23      EV: 19    Int: 20    God:    Ashenzari [*.....]
Gold:   637        SH:  0    Dex: 16    Spells: 21/26 levels left

rFire    . . .     SeeInvis +   B - +2 hand axe (elec)
rCold    . . .     Faith    .   (shield restricted)
rNeg     + . .     Spirit   .   v - +2 robe {rN+} (curse)
rPois    +         Reflect  .   (helmet restricted)
rElec    .         Harm     .   (no cloak)
rCorr    .         Rampage  .   (gloves unavailable)
Will     +....                  (boots unavailable)
Stlth    +++.......             (no amulet)
HPRegen  0.13/turn              D - ring of poison resistance
MPRegen  0.18/turn              o - ring of stealth

@: very quick
A: very small, unfitting armour, see invisible, speed 3
a: Renounce Religion, Curse Item, Scrying


You were on level 8 of the Dungeon.
You worshipped Ashenzari.
Ashenzari was aware of your devotion.
You visited 2 branches of the dungeon, and saw 10 of its levels.
You also visited: Sewer.

You collected 637 gold pieces.

Inventory:

Hand Weapons
 m - a +1 short sword
 B - a +2 hand axe of electrocution (weapon)
Armour
 a - a +1 robe
 v - a cursed +2 robe of positive energy (worn)
 A - a +0 cloak
Jewellery
 o - a ring of stealth (right hand)
 t - an uncursed ring of ice
 z - an uncursed ring of positive energy
 D - a ring of poison resistance (left hand)
Wands
 p - a wand of random effects (13)
 q - a wand of acid (8)
 F - a wand of paralysis (10)
 G - a wand of iceblast (11)
Scrolls
 b - 4 scrolls of enchant armour
 c - 2 scrolls of magic mapping
 e - a scroll of remove curse
 n - 3 scrolls of fear
 r - 2 scrolls of fog
 s - 2 scrolls of enchant weapon
 u - 3 scrolls of identify
 w - a scroll of immolation {unknown}
 x - a scroll of silence {unknown}
 y - 3 scrolls of teleportation {unknown}
 H - a scroll of noise {unknown}
Potions
 d - 3 potions of haste
 f - 2 potions of mutation {unknown}
 g - a potion of heal wounds {unknown}
 h - a potion of curing {unknown}
 i - 2 potions of brilliance
 j - 4 potions of degeneration {unknown}
 k - 2 potions of flight {unknown}
 l - 2 potions of magic {unknown}
 C - 2 potions of attraction {unknown}
 E - a potion of invisibility {unknown}


   Skills:
 + Level 1.3 Fighting
 + Level 4.2 Dodging
 - Level 3.0 Stealth
 + Level 9.4 Spellcasting
 - Level 0.6 Conjurations
 * Level 10.2 Air Magic


You had 21 spell levels left.
You knew the following spells:

 Your Spells              Type           Power        Failure   Level
a - Airstrike             Air            25%          1%          4
b - Shock                 Conj/Air       100%         1%          1

Your spell library contained the following spells:

 Spells                   Type           Power        Failure   Level
 Swiftness                Air            50%          1%          2
 Static Discharge         Conj/Air       31%          2%          3
 Foxfire                  Conj/Fire      40%          6%          1
 Animate Skeleton         Necr           18%          8%          1
 Corona                   Hex            10%          8%          1
 Pain                     Necr           36%          8%          1
 Ensorcelled Hibernation  Hex/Ice        18%          11%         2
 Conjure Flame            Conj/Fire      10%          19%         3
 Dazzling Flash           Conj/Hex       20%          19%         3
 Confusing Touch          Hex            9%           22%         3
 Inner Flame              Hex/Fire       9%           22%         3
 Tukima's Dance           Hex            9%           22%         3
 Vampiric Draining        Necr           4%           22%         3
 Lightning Bolt           Conj/Air       15%          22%         5
 Sticky Flame             Conj/Fire      10%          54%         4
 Animate Dead             Necr           4%           58%         4
 Fireball                 Conj/Fire      5%           87%         5
 Agony                    Necr           9%           90%         5


Dungeon Overview and Level Annotations

Branches:
Dungeon (9/15)             Temple (1/1) D:7           Sewer (visited)
   Lair: D:8-11         Orc: D:9-12

Altars:
Ashenzari
Cheibriados
Dithmenos
Elyvilon
Fedhas
Gozag
Hepliaklqana
Kikubaaqudgha
Makhleb
Nemelex Xobeh
Okawaru
Qazlal
Ru
Sif Muna
Trog
Uskayaw
Vehumet
Wu Jian
Xom
Yredelemnul
Zin
The Shining One

Annotations:
D:9 Grum


Innate Abilities, Weirdness & Mutations

You are very small and have problems with some larger weapons.
You are too small for most types of armour.
You have supernaturally acute eyesight. (SInv)
You cover ground extremely quickly.


Message History

Casting: Airstrike (dangerous; 1% risk of failure)
Confirm with . or Enter, or press ? or * to list all spells.
Aiming: Airstrike (dangerous; 1% risk of failure)
Press: ? - help, Dir - move target, f - wolf
Aim: a wolf (moderately wounded)
The air twists around and strikes the wolf!
The wolf is almost dead.
The wolf bites you.
* * * LOW HITPOINT WARNING * * *
The wolf bites you but does no damage. The wolf barely misses you.
Unknown command.
Casting: Airstrike (dangerous; 1% risk of failure)
Confirm with . or Enter, or press ? or * to list all spells.
Aiming: Airstrike (dangerous; 1% risk of failure)
Press: ? - help, Dir - move target, f/p - wolf
Aim: a wolf (almost dead)
The air twists around and strikes the wolf!
You kill the wolf!
The wolf bites you!
You die...

#........# #......#
#####........# #......#
.............# #.....[#
...##.######## #####...÷..#
....#.#### #..........#
....#....# #.#........#
..[.####.# ###.###.###..#
.......#.#####.h.# #.# ####
...............†@# #.#
#.#......#####.#.###.###
..#...#........#.#.....#
..#..÷...####....#.....#
#....<)..####.##.#.....#
..))#..(.........#.....#
###.##[.........>#.....####
# #.##...#.......#.....#..#
###.##...#.......#.....#..#


You could see a wolf.

Vanquished Creatures
  Pikel (D:6)
  A vampire (D:8)
  A water moccasin (Sewer)
  A black bear (D:9)
  A phantom (D:8)
  5 ogres
  2 necrophages
  3 wolves
  2 centaurs (D:5)
  A lemure (D:6)
  4 bullfrogs
  3 scorpions
  A bullfrog zombie (D:8)
  2 hounds
  A jelly (D:9)
  6 orc wizards
  A bullfrog skeleton (D:5)
  2 orc priests
  3 iguanas
  5 worker ants
  A hound skeleton (D:5)
  A worker ant zombie (D:7)
  4 gnolls (D:7)
  3 adders
  2 shadow imps (D:7)
  4 white imps
  2 ufetubi (D:6)
  3 oozes
  5 worms
  A dart slug (D:2)
  4 leopard geckos
  30 orcs
  7 giant cockroaches
  2 gnoll zombies (D:8)
  16 goblins
  9 hobgoblins
  17 jackals
  8 kobolds
  5 quokkas
  3 ball pythons
  5 bats
  5 frilled lizards
  A jackal skeleton (D:4)
  A leopard gecko skeleton (D:4)
  A quokka zombie (D:8)
  7 rats
193 creatures vanquished.

Vanquished Creatures (others)
  A plant (D:7)
1 creature vanquished.

Grand Total: 194 creatures vanquished

Notes
Turn   | Place    | Note
-------+----------+-------------------------------------------
     0 | D:1      | lunkers the Spriggan Air Elementalist began the quest for
                  | the Orb.
     0 | D:1      | Reached XP level 1. HP: 9/9 MP: 5/5
   301 | D:1      | Reached skill level 3 in Air Magic
   434 | D:1      | Reached XP level 2. HP: 13/13 MP: 0/7
  1296 | D:2      | Reached XP level 3. HP: 15/16 MP: 0/8
  2374 | D:2      | Reached skill level 4 in Air Magic
  2376 | D:2      | Reached XP level 4. HP: 21/21 MP: 1/10
  2806 | D:2      | Found an ornate altar of the Wu Jian Council.
  3027 | D:3      | Found a glowing drain.
  3035 | D:3      | Learned a level 4 spell: Airstrike
  3036 | Sewer    | Entered a sewer
  3183 | Sewer    | Noticed a water moccasin
  3193 | Sewer    | Killed a water moccasin
  3194 | Sewer    | Reached XP level 5. HP: 24/24 MP: 1/12
  3358 | D:3      | Reached skill level 5 in Air Magic
  4226 | D:4      | Reached XP level 6. HP: 25/28 MP: 7/14
  4353 | D:4      | Reached skill level 5 in Spellcasting
  4567 | D:4      | Found a bloodstained altar of Trog.
  5005 | D:4      | Found a broken altar of Ashenzari.
  5035 | D:4      | Became a worshipper of Ashenzari the Shackled
  5363 | D:5      | Entered Level 5 of the Dungeon
  5743 | D:5      | Reached skill level 6 in Air Magic
  5825 | D:5      | Reached XP level 7. HP: 32/32 MP: 3/16
  5941 | D:5      | Found a white marble altar of Elyvilon.
  7192 | D:6      | Reached skill level 7 in Air Magic
  7438 | D:6      | Noticed Pikel
  7459 | D:6      | Killed Pikel
  7460 | D:6      | Reached skill level 8 in Air Magic
  7460 | D:6      | Reached XP level 8. HP: 14/36 MP: 2/20
  7840 | D:6      | Reached * piety under Ashenzari
  8040 | D:6      | Found a sparkling altar of Nemelex Xobeh.
  8167 | D:6      | Found a glowing golden altar of the Shining One.
  8594 | D:7      | Found a staircase to the Ecumenical Temple.
  8641 | Temple   | Entered the Ecumenical Temple
  9016 | D:7      | Found a sacrificial altar of Ru.
  9102 | D:7      | Reached skill level 9 in Air Magic
 10128 | D:8      | Reached XP level 9. HP: 39/39 MP: 13/22
 10444 | D:7      | Upgraded the game from 0.27-a0-46-g34d46f0a3f to
                  | 0.27-a0-54-g64bdb92e38
 11428 | D:8      | Found a basalt altar of Yredelemnul.
 11484 | D:9      | Reached skill level 10 in Air Magic
 11790 | D:9      | Reached skill level 1 in Fighting
 12080 | D:9      | Noticed Grum
 12227 | D:8      | Slain by a wolf

Illustrated notes

Levels and vault maps discovered:
D:1:      saegor_arrival_simple_b, layout_loops_ring, serial_rivers,
          chequers_serial_rivers_small_3, chequers_serial_rivers_marsh,
          chequers_serial_rivers_marsh, chequers_serial_rivers_large_a,
          chequers_serial_rivers_micro_c
D:2:      layout_rooms, nzn_wu_jian_council_hall
D:3:      cheibrodos_greedy_goblins, layout_loops_ring, gup_sewer_entry_bowl
D:4:      layout_cave_pods, ashenzari_conservatory_becter, bloody_trog
D:5:      layout_basic, elyvilon_altar_1
D:6:      layout_loops_ring, kennysheep_little_box,
          nemelex_xobeh_ov_fountains_minmay, uniq_pikel
D:7:      layout_basic, minmay_temple_entry_gardened_gates, hangedman_ru_absence
D:8:      layout_basic, lemuel_zombie_altar_yredelemnul, st_stairs_8
D:9:      layout_roguey, hangedman_fish_farm, uniq_grum
Temple:   nicolae_temple_elliptical

Skill      XL: |  1  2  3  4  5  6  7  8  9 |
---------------+----------------------------+-----
Air Magic      | 3 4 5 6 8 9 10 | 10.2
Spellcasting   | 3 4 5 7 8 9 |  9.4
Fighting       | 1 |  1.3
Dodging        | 4 |  4.2
Stealth        | |  3.0
Conjurations   | |  0.6

Action                   |  1- 3 |  4- 6 |  7- 9 || total
-------------------------+-------+-------+-------++-------
Melee: Unarmed           |    29 |     5 |       ||    34
       Short sword       |       |       |    17 ||    17
       Hand axe          |       |       |     8 ||     8
 Cast: Shock             |   121 |   147 |    58 ||   326
       Airstrike         |       |     5 |   130 ||   135
Invok: Curse Item        |       |       |     1 ||     1
Evoke: Wand              |       |       |     1 ||     1
  Use: Scroll            |       |     8 |     2 ||    10
Armor: Robe              |     3 |     5 |     5 ||    13
Dodge: Dodged            |    22 |    31 |    63 ||   116

Table legend: (Time is in decaauts)
 A = Elapsed time spent in this place.
 B = Non-inter-level travel time spent in this place.
 C = Inter-level travel time spent in this place.
 D = Time resting spent in this place.
 E = Time spent auto-exploring this place.
 F = Levels seen in this place.
 G = Mean time per level.
                   A        B        C        D        E       F      G
               +--------+--------+--------+--------+--------+-----+--------+
         Total |  10121 |   9953 |    168 |   1396 |   7484 |  11 |  920.1 |
       Dungeon |   9655 |   9501 |    154 |   1363 |   7122 |   9 | 1072.8 |
        Temple |    197 |    183 |     14 |      0 |    182 |   1 |  197.0 |
         Sewer |    267 |    267 |      0 |     32 |    179 |   1 |  267.0 |
               +--------+--------+--------+--------+--------+-----+--------+

Top non-repeatable levels by time:
     D:7: 1346 daAuts
     D:1: 1326 daAuts
     D:5: 1205 daAuts
     D:4: 1132 daAuts
     D:6: 1117 daAuts
     D:2: 1092 daAuts
     D:8: 1063 daAuts
     D:3: 815 daAuts
     D:9: 557 daAuts
   Sewer: 267 daAuts
  Temple: 197 daAuts
